 Dungeon Crawl Stone Soup version 0.20-a0-537-g052e6ba (webtiles) character file.

94 Amnesiac the Chopper (level 4, -1/41 HPs)
             Began as a Hill Orc Monk on Jan 28, 2017.
             Slain by Sigmund
             ... wielding a +0 scythe
              (8 damage)
             ... on level 3 of the Dungeon.
             The game lasted 00:02:52 (2241 turns).

Amnesiac the Chopper (Hill Orc Monk)                Turns: 2241, Time: 00:02:52

Health: -1/41      AC:  8    Str: 13    XL:     4   Next: 63%
Magic:  4/4        EV: 13    Int: 10    God:
Gold:   76         SH:  0    Dex: 14    Spells: 3/3 levels left

rFire    . . .     SeeInvis .   a - +0 hand axe
rCold    . . .     Gourm    .   v - +0 ring mail
rNeg     . . .     Faith    .   (no shield)
rPois    .         Spirit   .   (no helmet)
rElec    .         Reflect  .   j - +0 cloak
rCorr    .         Harm     +   (no gloves)
MR       .....                  (no boots)
Stlth    ..........             x - amulet of harm
Regen    0.2/turn               A - +2 ring of evasion
                                n - +2 ring of protection

@: confused
A: no striking features
a: no special abilities


You were on level 3 of the Dungeon.
You were not hungry.

You visited 1 branch of the dungeon, and saw 3 of its levels.

You collected 76 gold pieces.

Inventory:

Hand Weapons
 a - a +0 hand axe (weapon)
 d - a +1 dagger of venom
Armour
 j - a +0 cloak (worn)
 v - a +0 ring mail (worn)
Jewellery
 n - a +2 ring of protection (left hand)
 x - an amulet of harm (around neck)
 A - a +2 ring of evasion (right hand)
Scrolls
 e - a scroll of fog {unknown}
 g - 2 scrolls of identify {unknown}
 m - 2 scrolls of teleportation {unknown}
 q - a scroll of blinking {unknown}
 r - a scroll of enchant armour {unknown}
 u - 2 scrolls of remove curse {unknown}
 y - a scroll of recharging {unknown}
Potions
 b - a potion of magic
 h - a potion of heal wounds {unknown}
 k - a potion of mutation {unknown}
 l - a potion of curing {unknown}
 o - a potion of resistance {unknown}
 p - a potion of might {unknown}
 s - 2 potions of cancellation {unknown}
 z - a potion of invisibility
Comestibles
 c - a bread ration
 i - a royal jelly
 t - a meat ration
 w - 2 fruits


   Skills:
 + Level 4.4 Fighting
 * Level 6.3 Axes
 - Level 2.4 Dodging
 - Level 1.5 Stealth


You had 3 spell levels left.
You didn't know any spells.

Dungeon Overview and Level Annotations

Branches:
Dungeon (3/15)

Altars:

Annotations:
D:3 Sigmund; junkhipster's ghost, weakling DsBe


Message History

You hit Sigmund.
Sigmund is lightly wounded.
Sigmund casts a spell.
Sigmund flickers and vanishes!
Deactivating autopickup; reactivate with Ctrl-A.
No target in view!
No target in view!
No target in view!
No target in view!
You barely miss something. Something hits you!
You hit something. You hit something. You slash something!
You hear a bark!
You hear some strange, mumbled words.
You are confused.
Something hits you!
You barely miss something. Something hits you!
* * * LOW HITPOINT WARNING * * *
It was a potion of magic.
Magic courses through your body. Something hits you!
You die...

#. . #. #.# .. #. #.#
.##.### ##########.#
.....# #.......##.#
#...# #.......##.#
#...###.......##.#
#..@.##.......##.#
####{#.#.#.#.#.#.#
#..#.#.#.#.#.#..# #
.......#.#.#.#.#.#..>#
@.......#.#.#.#.#.#..###
######.#.#.#.#.#.#......
#... #..#.#.#.#.#.#...##
#...##.#.#.#.#.#.#......
#...##..#.#.#.#.#.#..##.


There were no monsters in sight!

Vanquished Creatures
  3 adders
  3 worms
  2 dart slugs
  A leopard gecko (D:1)
  An orc (D:3)
  9 goblins
  6 hobgoblins
  2 jackals (D:2)
  7 kobolds
  3 quokkas
  6 bats
  2 frilled lizards (D:2)
  8 rats
53 creatures vanquished.

Notes
Turn   | Place    | Note
-------+----------+-------------------------------------------
     0 | D:1      | Amnesiac the Hill Orc Monk began the quest for the Orb.
     0 | D:1      | Reached XP level 1. HP: 19/19 MP: 1/1
   264 | D:1      | Reached XP level 2. HP: 24/27 MP: 2/2
   488 | D:1      | Reached skill level 5 in Axes
   518 | D:1      | Reached XP level 3. HP: 20/33 MP: 3/3
  1117 | D:2      | Reached XP level 4. HP: 40/40 MP: 4/4
  1694 | D:3      | Reached skill level 6 in Axes
  1756 | D:3      | Noticed junkhipster's ghost (weakling DsBe)
  2225 | D:3      | Noticed Sigmund
  2241 | D:3      | Slain by Sigmund

Vault maps used:
D:1:      dpeg_arrival_arbitrary_b, minmay_tree_intersection
D:2:      minmay_tripent
D:3:      first_bread, minivault_23, uniq_sigmund

Skill      XL: |  1  2  3  4 |
---------------+-------------+-----
Fighting       | 4 |  4.4
Axes           | 5 6 |  6.3
Dodging        | |  2.4
Stealth        | |  1.5

Action                   |  1- 3 |  4- 6 || total
-------------------------+-------+-------++-------
Melee: Hand axe          |    16 |    27 ||    43
       Dagger            |    95 |    52 ||   147
  Use: Potion            |       |     1 ||     1
 Stab: Sleeping          |     4 |     1 ||     5
  Eat: Chunk             |     1 |     3 ||     4
Armor: Robe              |    28 |       ||    28
       Ring mail         |     5 |    22 ||    27
Dodge: Dodged            |    75 |    38 ||   113
